 Dungeon Crawl Stone Soup version 0.27-a0-1312-g5cdb2b3542 (webtiles) character file.

Game seed: 10303599319030490265

319 Demosthentine the Poker (level 6, -1/48 HPs)
             Began as a Merfolk Gladiator on June 20, 2021.
             Slain by Grinder (7 damage)
             ... on level 2 of the Dungeon.
             The game lasted 00:03:10 (3434 turns).

Demosthentine the Poker (Merfolk Gladiator)         Turns: 3434, Time: 00:03:11

Health: -1/48      AC:  4    Str: 13 (16) XL:     6   Next: 45%
Magic:  6/6        EV: 13    Int:  5 (7)  God:
Gold:   69         SH:  0    Dex: 13 (16) Spells: 5/5 levels left

rFire    . . .     SeeInvis .   a - +0 trident
rCold    . . .     Faith    .   (no shield)
rNeg     . . .     Spirit   .   b - +0 leather armour
rPois    .         Reflect  .   c - +0 helmet
rElec    .         Harm     .   (no cloak)
rCorr    .         Rampage  .   (no gloves)
Will     .....                  (no boots)
Stlth    +.........             (no amulet)
HPRegen  0.16/turn              (no ring)
MPRegen  0.10/turn              (no ring)

@: no status effects
A: (nimble swimmer 2), mertail
a: no special abilities


You were on level 2 of the Dungeon.
You visited 1 branch of the dungeon, and saw 3 of its levels.

You collected 69 gold pieces.

Inventory:

Hand Weapons
 a - a +0 trident (weapon)
Missiles
 d - 3 throwing nets (quivered)
Armour
 b - a +0 leather armour (worn)
 c - a +0 helmet (worn)
Jewellery
 f - a ring of wizardry
 j - a ring of poison resistance
Wands
 i - a wand of digging (4)
Scrolls
 g - 3 scrolls of identify
 h - a scroll of enchant armour
 k - a scroll of silence {unknown}
Potions
 e - a potion of magic


   Skills:
 + Level 4.0 Fighting
 + Level 6.2 Polearms
 - Level 2.0 Throwing
 + Level 2.1 Armour
 + Level 5.7 Dodging


You had 5 spell levels left.
You didn't know any spells.
Your spell library was empty.

Dungeon Overview and Level Annotations

Branches:
Dungeon (3/15)

Altars:

Shops:
D:1 ?   D:3 (

Annotations:
D:2 Grinder
D:3 1 runed translucent door, snackwell's ghost, amateur SpGl


Innate Abilities, Weirdness & Mutations

((You are quick and stealthy near water. (Stealth+, EV+, Speed+++)))
Your lower body shifts to a powerful aquatic tail in water.


Message History

You hit something. Something hits you.
It was a potion of degeneration.
There was something very wrong with that liquid.
You feel weakened.
You feel dopey.
You feel clumsy. Something hits you but does no damage.
Grinder blinks!
Grinder hits you.
You writhe in agony.
Grinder blinks!
A magic dart appears from out of thin air!
The magic dart hits you!
* * * LOW HITPOINT WARNING * * *
There is a stone staircase leading up here.
Grinder hits you but does no damage.
You climb upwards.
Reactivating autopickup.
There is a stone staircase leading down here.
Unknown command.
Okay, then.
You completely miss Grinder. Grinder hits you.
* * * LOW HITPOINT WARNING * * *
You writhe in agony.
* * * LOW HITPOINT WARNING * * *
You completely miss Grinder. Grinder misses you.
Unknown command.
You closely miss Grinder. Grinder completely misses you.
You barely miss Grinder. Grinder hits you.
* * * LOW HITPOINT WARNING * * *
You writhe in agony.
* * * LOW HITPOINT WARNING * * *
Unknown command.
You puncture Grinder!
Grinder is moderately wounded.
Grinder hits you.
* * * LOW HITPOINT WARNING * * *
You writhe in agony.
* * * LOW HITPOINT WARNING * * *
Your leather armour prevents you from hitting Grinder.
Grinder is moderately wounded.
Grinder hits you!
You die...

######.###
###......###
##...........
#..#.........
#######.##......#..
#........#....|.##.
#......>.#......##.
#5<......#......##.
#.@................
#........##........
#........###..###..
#........# #.## #..
#........# #.# #..
######.#####.# #..
#...##..# ###
#...##..# ##
#...##.## ##.


You could see Grinder.

Vanquished Creatures
  A scorpion (D:3)
  An orc priest (D:3)
  Natasha (thrice) (D:2)
  Robin (D:2)
  3 gnolls (D:3)
  4 adders
  A dart slug (D:2)
  6 orcs (D:3)
  3 ball pythons
  2 bats
  5 endoplasms
  3 giant cockroaches
  10 goblins
  7 hobgoblins
  5 jackals
  2 quokkas (D:1)
  3 frilled lizards
  7 kobolds
  6 rats
73 creatures vanquished.

Notes
Turn   | Place    | Note
-------+----------+-------------------------------------------
     0 | D:1      | Demosthentine the Merfolk Gladiator began the quest for the
                  | Orb.
     0 | D:1      | Reached XP level 1. HP: 16/16 MP: 1/1
   322 | D:1      | Found Taf Qaar's Magic Scroll Boutique.
   460 | D:1      | Reached XP level 2. HP: 23/23 MP: 2/2
   653 | D:1      | Found a faded altar of an unknown god.
  1347 | D:1      | Reached XP level 3. HP: 28/28 MP: 3/3
  1600 | D:2      | Reached skill level 5 in Polearms
  1600 | D:2      | Reached skill level 1 in Armour
  1643 | D:2      | Noticed Robin
  1804 | D:1      | Reached XP level 4. HP: 22/30 MP: 4/4
  1812 | D:2      | Killed Robin
  2117 | D:2      | Noticed Natasha
  2128 | D:2      | Killed Natasha
  2290 | D:2      | Noticed Natasha
  2298 | D:2      | Killed Natasha
  2299 | D:2      | Reached skill level 5 in Dodging
  2299 | D:2      | Reached XP level 5. HP: 28/41 MP: 5/5
  2559 | D:2      | Noticed Natasha
  2571 | D:2      | Killed Natasha
  2595 | D:3      | Found Wasenootz's Antique Weapon Boutique.
  3172 | D:3      | Reached XP level 6. HP: 48/48 MP: 6/6
  3186 | D:3      | Reached skill level 6 in Polearms
  3385 | D:3      | Found a runed translucent door.
  3389 | D:3      | Noticed snackwell's ghost (amateur SpGl)
  3393 | D:3      | Noticed Grinder
  3434 | D:2      | Slain by Grinder

Illustrated notes

Levels and vault maps discovered:
D:1:      minmay_arrival_diagonal_passages, layout_basic, serial_shops,
          nicolae_diamond_shop, shapermc_ecumenical_altar_mp_highgroup,
          st_stairs_5
D:2:      layout_rooms, uniq_natasha, uniq_robin
D:3:      cheibrodos_pilgrimage, layout_basic, ebering_ghost_sewer_d,
          serial_shops, shop, chequers_serial_rivers_micro_e, minmay_cut_off,
          uniq_ijyb, uniq_grinder

Skill      XL: |  1  2  3  4  5  6 |
---------------+-------------------+-----
Polearms       | 5 6 |  6.2
Armour         | 1 2 |  2.1
Fighting       | 3 4 |  4.0
Dodging        | 5 |  5.7
Throwing       | |  2.0

Action                   |  1- 3 |  4- 6 || total
-------------------------+-------+-------++-------
Melee: Trident           |   144 |   144 ||   288
  Use: Scroll            |     2 |     1 ||     3
       Potion            |       |     1 ||     1
Armor: Leather armour    |    48 |    31 ||    79
Dodge: Dodged            |    84 |    75 ||   159

Table legend: (Time is in decaauts)
 A = Elapsed time spent in this place.
 B = Non-inter-level travel time spent in this place.
 C = Inter-level travel time spent in this place.
 D = Time resting spent in this place.
 E = Time spent auto-exploring this place.
 F = Levels seen in this place.
 G = Mean time per level.
                   A        B        C        D        E       F      G
               +--------+--------+--------+--------+--------+-----+--------+
         Total |   3471 |   3471 |      0 |    364 |   2526 |   3 | 1157.0 |
       Dungeon |   3471 |   3471 |      0 |    364 |   2526 |   3 | 1157.0 |
               +--------+--------+--------+--------+--------+-----+--------+

Top non-repeatable levels by time:
     D:1: 1457 daAuts
     D:2: 1181 daAuts
     D:3: 833 daAuts
